General information
- name: BNet
- type: Ladder team game (AT/RT)
- host: Battle.net
- saver: WesFSTGDB
map: FullScaleAssault
- players: 8
- length: 14:51
- speed: Fast
- version: 1.26 W3XP
- replay type: Public
» download(91 KB)
Players
team 1 (winner)
WesFSTGDB (
teal | 94 APM | 1399 actions | 14:51)
4 Death Knight
2 Death Coil
2 Unholy Aura
5 Tauren Chieftain
3 Endurance Aura
2 War Stomp
» actions
| Assign group hotkey | 14 | |
| Basic commands | 331 | |
| Build / train | 71 | |
| Enter build submenu | 28 | |
| Enter hero's abilities submenu | 12 | |
| Remove unit from queue | 1 | |
| Right click | 362 | |
| Select / deselect | 333 | |
| Select group hotkey | 198 | |
| Use ability | 46 | |
1399 total
» units
| Acolyte | 3 | |
| Peon | 7 | |
| Ghoul | 5 | |
| Wind Rider | 8 | |
| Shaman | 4 | |
27 total
» upgrades
| Ranged Weapons | 3 | |
| Armor | 4 | |
| Shaman Training | 2 | |
| Envenomed Spears | 1 | |
10 total
» buildings
| Graveyard | 1 | |
| Altar of Darkness | 1 | |
| Ziggurat | 2 | |
| War Mill | 1 | |
| Orc Burrow | 9 | |
| Crypt | 1 | |
| Altar of Storms | 1 | |
| Stronghold | 5 | |
| Voodoo Lounge | 1 | |
| Fortress | 1 | |
| Beastiary | 3 | |
| Spirit Lodge | 2 | |
| Necropolis | 1 | |
29 total
» build order
00:17 Graveyard
00:20 Altar of Darkness
00:47 Ziggurat
01:00 War Mill
01:04 Orc Burrow
01:11 Orc Burrow
01:22 Crypt
01:55 Altar of Storms
02:26 Stronghold
02:26 Stronghold
02:27 Stronghold
02:33 Ziggurat
02:49 Voodoo Lounge
04:01 Orc Burrow
04:04 Orc Burrow
04:04 Orc Burrow
04:06 Orc Burrow
04:48 Fortress
04:57 Beastiary
05:01 Beastiary
05:09 Beastiary
05:26 Spirit Lodge
05:44 Spirit Lodge
08:56 Orc Burrow
12:59 Necropolis
13:24 Orc Burrow
13:27 Orc Burrow
» items
| Healing Salve | 1 | |
| Lesser Clarity Potion | 1 | |
| Scroll of Speed | 1 | |
| Scroll of Protection | 2 | |
| Scroll of Healing | 2 | |
7 total
vZ.fury (
green | 13 APM | 2 actions | 00:08)
» actions
| Right click | 1 | |
| Select / deselect | 1 | |
2 total

»
jorvor (
red | 41 APM | 603 actions | 14:50)
6 Paladin
2 Holy Light
3 Devotion Aura
1 Resurrection
» actions
| Assign group hotkey | 11 | |
| Build / train | 54 | |
| ESC pressed | 2 | |
| Enter build submenu | 15 | |
| Enter hero's abilities submenu | 6 | |
| Remove unit from queue | 4 | |
| Right click | 266 | |
| Select / deselect | 155 | |
| Select group hotkey | 57 | |
| Use ability | 33 | |
603 total
» units
| Peasant | 8 | |
| Footman | 12 | |
| Knight | 5 | |
| Priest | 5 | |
| Gryphon Rider | 3 | |
33 total
» upgrades
| Defend | 1 | |
| Plating | 2 | |
| Swords | 2 | |
| Animal War Training | 1 | |
| Priest Training | 2 | |
8 total
» buildings
| Altar of Kings | 1 | |
| Farm | 12 | |
| Barracks | 1 | |
| Keep | 1 | |
| Blacksmith | 1 | |
| Castle | 1 | |
| Lumber Mill | 1 | |
| Arcane Sanctum | 1 | |
| Gryphon Aviary | 1 | |
20 total
» build order
00:15 Altar of Kings
00:30 Farm
00:58 Barracks
01:18 Farm
01:46 Farm
02:36 Farm
03:27 Farm
03:29 Keep
05:46 Blacksmith
06:16 Castle
06:49 Lumber Mill
08:25 Arcane Sanctum
08:59 Farm
09:00 Farm
09:01 Farm
09:03 Farm
11:44 Gryphon Aviary
13:07 Farm
13:08 Farm
13:09 Farm

»
herokiller20 (
orange | 38 APM | 566 actions | 14:50)
5 Paladin
3 Holy Light
1 Devotion Aura
1 Divine Shield
1 Mountain King
1 Storm Bolt
» actions
| Assign group hotkey | 3 | |
| Basic commands | 10 | |
| Build / train | 55 | |
| Enter build submenu | 28 | |
| Enter hero's abilities submenu | 6 | |
| Remove unit from queue | 1 | |
| Right click | 160 | |
| Select / deselect | 246 | |
| Select group hotkey | 11 | |
| Use ability | 46 | |
566 total
» units
| Peasant | 17 | |
| Footman | 7 | |
| Rifleman | 2 | |
26 total
» upgrades
| Defend | 1 | |
| Plating | 1 | |
| Armor | 1 | |
| Lumber Harvesting | 1 | |
| Swords | 1 | |
| Priest Training | 1 | |
| Sorceress Training | 1 | |
| Masonry | 1 | |
| Animal War Training | 1 | |
9 total
» buildings
| Altar of Kings | 1 | |
| Farm | 8 | |
| Barracks | 1 | |
| Lumber Mill | 2 | |
| Blacksmith | 1 | |
| Arcane Vault | 1 | |
| Scout Tower | 7 | |
| Guard Tower | 6 | |
| Town Hall | 2 | |
| Arcane Tower | 1 | |
| Keep | 1 | |
| Workshop | 1 | |
| Arcane Sanctum | 2 | |
| Castle | 1 | |
| Gryphon Aviary | 2 | |
37 total
» build order
00:05 Altar of Kings
00:08 Farm
00:43 Barracks
00:50 Farm
01:35 Farm
02:23 Farm
03:19 Lumber Mill
03:47 Farm
04:16 Blacksmith
04:50 Farm
05:32 Arcane Vault
05:36 Scout Tower
06:05 Scout Tower
06:07 Guard Tower
06:13 Scout Tower
06:38 Farm
06:54 Guard Tower
07:01 Town Hall
07:09 Scout Tower
07:24 Farm
07:27 Arcane Tower
07:40 Guard Tower
07:47 Scout Tower
08:15 Guard Tower
09:17 Keep
09:52 Town Hall
11:30 Scout Tower
11:49 Workshop
11:54 Arcane Sanctum
11:56 Arcane Sanctum
11:59 Castle
12:22 Lumber Mill
12:48 Scout Tower
12:49 Guard Tower
13:17 Guard Tower
13:30 Gryphon Aviary
13:31 Gryphon Aviary
» items
| Circlet of Nobility | 1 | |
| Scroll of Regeneration | 1 | |
2 total
team 2 (loser)
Dorian12 (
yellow | 53 APM | 779 actions | 14:42)
4 Archmage
2 Summon Water Elemental
2 Brilliance Aura
2 Paladin
1 Holy Light
1 Divine Shield
1 Mountain King
1 Storm Bolt
» actions
| Assign group hotkey | 28 | |
| Basic commands | 29 | |
| Build / train | 57 | |
| Enter build submenu | 18 | |
| Enter hero's abilities submenu | 7 | |
| Right click | 181 | |
| Select / deselect | 143 | |
| Select group hotkey | 256 | |
| Use ability | 60 | |
779 total
» units
| Peasant | 8 | |
| Rifleman | 13 | |
| Mortar Team | 2 | |
| Flying Machine | 7 | |
30 total
» upgrades
| Gunpowder | 3 | |
| Armor | 2 | |
| Long Rifles | 1 | |
| Flare | 1 | |
| Fragmentation Shards | 1 | |
| Flak Cannons | 1 | |
9 total
» buildings
| Lumber Mill | 2 | |
| Farm | 11 | |
| Altar of Kings | 1 | |
| Barracks | 1 | |
| Blacksmith | 1 | |
| Scout Tower | 1 | |
| Guard Tower | 1 | |
| Keep | 3 | |
| Arcane Vault | 1 | |
| Workshop | 1 | |
| Castle | 1 | |
24 total
» build order
00:59 Lumber Mill
01:05 Farm
01:09 Altar of Kings
01:20 Barracks
01:24 Blacksmith
01:32 Farm
02:44 Farm
02:45 Farm
02:46 Farm
02:47 Farm
02:53 Scout Tower
03:46 Guard Tower
04:28 Keep
04:28 Keep
05:18 Farm
05:19 Farm
05:21 Arcane Vault
06:06 Lumber Mill
06:54 Workshop
07:03 Castle
11:22 Farm
11:57 Farm
12:01 Farm
» items
| Rod of Necromancy | 1 | |
| Scroll of Town Portal | 1 | |
| Potion of Healing | 1 | |
3 total
NightGirl (
blue | 46 APM | 684 actions | 14:45)
4 Dark Ranger
2 Black Arrow
2 Silence
1 Priestess of the Moon
1 Trueshot Aura
» actions
| Assign group hotkey | 66 | |
| Build / train | 40 | |
| Enter build submenu | 17 | |
| Enter hero's abilities submenu | 5 | |
| Give item / drop item | 3 | |
| Remove unit from queue | 1 | |
| Right click | 261 | |
| Select / deselect | 239 | |
| Select group hotkey | 15 | |
| Use ability | 36 | |
684 total
» units
| Wisp | 12 | |
| Archer | 9 | |
| Goblin Shredder | 1 | |
| Goblin Zeppelin | 1 | |
| Crypt Fiend | 3 | |
26 total
» upgrades
| Strength of the Wild | 2 | |
| Reinforced Hides | 1 | |
| Improved Bows | 1 | |
4 total
» buildings
| Ancient of War | 1 | |
| Moon Well | 6 | |
| Altar of Elders | 1 | |
| Ancient of Wonders | 1 | |
| Tree of Ages | 1 | |
| Hunter's Hall | 1 | |
| Tree of Eternity | 1 | |
| Ancient of Wind | 1 | |
| Chimaera Roost | 2 | |
| Tree of Life | 2 | |
17 total
» build order
00:10 Ancient of War
00:23 Moon Well
00:55 Moon Well
01:23 Altar of Elders
01:49 Moon Well
02:13 Ancient of Wonders
03:38 Moon Well
04:50 Tree of Ages
04:55 Hunter's Hall
05:01 Moon Well
06:25 Moon Well
07:14 Tree of Eternity
08:17 Ancient of Wind
09:41 Chimaera Roost
09:43 Chimaera Roost
12:09 Tree of Life
12:25 Tree of Life
SND_Master (
purple | 62 APM | 919 actions | 14:49)
4 Goblin Tinker
2 Pocket Factory
2 Engineering Upgrade
» actions
| Assign group hotkey | 18 | |
| Basic commands | 55 | |
| Build / train | 56 | |
| Enter build submenu | 15 | |
| Enter hero's abilities submenu | 4 | |
| Give item / drop item | 1 | |
| Remove unit from queue | 1 | |
| Right click | 252 | |
| Select / deselect | 237 | |
| Select group hotkey | 241 | |
| Use ability | 39 | |
919 total
» units
| Wisp | 14 | |
| Huntress | 11 | |
| Druid of the Talon | 6 | |
| Chimaera | 2 | |
33 total
» upgrades
| Moon Armor | 3 | |
| Strength of the Moon | 3 | |
| Reinforced Hides | 1 | |
| Sentinel | 1 | |
| Druid of the Talon Training | 2 | |
| Upgrade Moon Glaive | 1 | |
11 total
» buildings
| Moon Well | 5 | |
| Altar of Elders | 1 | |
| Hunter's Hall | 1 | |
| Ancient Protector | 3 | |
| Ancient of War | 1 | |
| Tree of Ages | 1 | |
| Ancient of Wind | 1 | |
| Tree of Eternity | 1 | |
| Chimaera Roost | 1 | |
15 total
» build order
00:12 Moon Well
00:20 Altar of Elders
01:45 Moon Well
01:57 Hunter's Hall
02:56 Moon Well
03:12 Ancient Protector
03:16 Ancient Protector
03:36 Ancient of War
03:56 Ancient Protector
04:08 Tree of Ages
07:00 Ancient of Wind
08:24 Tree of Eternity
09:45 Moon Well
11:11 Chimaera Roost
12:04 Moon Well
» items
| Boots of Speed | 1 | |
| Potion of Lesser Invulnerability | 1 | |
| Potion of Healing | 1 | |
| Orb of Fire | 1 | |
4 total

»
FleischTheMan (
pink | 26 APM | 376 actions | 14:27)
4 Death Knight
2 Death Coil
2 Unholy Aura
1 Lich
1 Frost Nova
» actions
| Assign group hotkey | 7 | |
| Build / train | 39 | |
| Enter build submenu | 12 | |
| Enter hero's abilities submenu | 5 | |
| Right click | 114 | |
| Select / deselect | 138 | |
| Select group hotkey | 34 | |
| Use ability | 26 | |
376 total
» units
| Acolyte | 6 | |
| Ghoul | 2 | |
| Crypt Fiend | 9 | |
| Gargoyle | 4 | |
21 total
» upgrades
| Creature Attack | 1 | |
| Web | 1 | |
| Creature Carapace | 1 | |
3 total
» buildings
| Ziggurat | 4 | |
| Altar of Darkness | 1 | |
| Crypt | 1 | |
| Graveyard | 1 | |
| Tomb of Relics | 1 | |
| Halls of the Dead | 1 | |
| Nerubian Tower | 1 | |
| Spirit Tower | 3 | |
| Sacrificial Pit | 1 | |
| Black Citadel | 1 | |
15 total
» build order
00:13 Ziggurat
00:15 Altar of Darkness
00:38 Crypt
01:00 Graveyard
01:26 Ziggurat
01:57 Tomb of Relics
04:05 Halls of the Dead
04:50 Ziggurat
04:54 Nerubian Tower
07:06 Ziggurat
09:22 Spirit Tower
09:23 Spirit Tower
09:55 Sacrificial Pit
10:52 Spirit Tower
12:42 Black Citadel
» items
| Rod of Necromancy | 1 | |
| Scroll of Town Portal | 1 | |
2 total
Chat log
(00:09 / Allies) WesFSTGDB: rush them
(00:12 / Allies) WesFSTGDB: i got him
(00:28 / Allies) WesFSTGDB: plan on a rush though
(00:30 / Allies) WesFSTGDB: we go soon
(00:34 / Allies) jorvor: will do
(00:43 / Allies) WesFSTGDB: rifles if you don't mind
(01:04 / All) SND_Master: he might be scary of the great name
(01:11 / All) SND_Master: SND_Master
(03:09 / Allies) jorvor: ?
(03:10 / Allies) jorvor: rush?
(03:12 / Allies) WesFSTGDB: feeding him
(03:18 / Allies) WesFSTGDB: his tech will be done soon don't worry
(03:26 / Allies) WesFSTGDB: clear and meet me when ready
(03:31 / Allies) jorvor: k
(03:46 / Allies) WesFSTGDB: again would prefer rifles
(03:51 / Allies) WesFSTGDB: incase they tech and have early air too
(06:27 / Allies) WesFSTGDB: lets go
(06:28 / Allies) WesFSTGDB: meet
(07:10 / Allies) WesFSTGDB: ornage bro you coming?
(07:10 / Allies) jorvor: teal you have zero units
(07:22 / Allies) WesFSTGDB: as I told you at the beginning
(07:26 / Allies) WesFSTGDB: i'm feeding green...
(07:34 / Allies) jorvor: k
(09:42 / Allies) WesFSTGDB: go blues base now
(10:32 / All) WesFSTGDB: rofl
(10:36 / All) WesFSTGDB: who did you think you were playing?
(11:39 / Allies) WesFSTGDB: you see how that was done?
(11:46 / Allies) jorvor: very good job
(11:59 / Allies) WesFSTGDB: learn and you can win 3v4 and 2v4 easier than 4v4
(12:04 / Allies) WesFSTGDB: next base now
(12:28 / Allies) WesFSTGDB: b
(14:18 / All) FleischTheMan: good lord
(14:23 / All) FleischTheMan: take a break
(14:31 / All) jorvor: lawl
(14:47 / All) WesFSTGDB: don't you run from me